[ AOE2 MATCH · #495355446 ]
UnrankedHindustanis vs Vietnamese
[ REPLAY ANALYSIS · EXTRACTED FROM THE RECORDED GAME ]
Feudal
8:29
Castle
21:32
Imperial
38:48
| APM avg | 50.1 |
| APM peak | 110 |
| eAPM avg | 24.4 |
| Villagers / military | 127 / 74 |
Focus
⚔️ 32.5% · 🌾 67.5%
Camel Scout ×44 · Archer ×10 · Monk ×5 · Spearman ×4 · Scorpion ×3 · Scout Cavalry ×3
Feudal
9:30
Castle
23:03
Imperial
—
| APM avg | 45.6 |
| APM peak | 73 |
| eAPM avg | 18.3 |
| Villagers / military | 74 / 35 |
Focus
⚔️ 30.8% · 🌾 69.2%
Cavalry Archer ×23 · Scout Cavalry ×7 · Mangonel ×5
Match map
Initial resources + every placement click. Lines = walls · curves = elevation contours. ◆ gold · ⬟ stone · ● berries · ✦ relic · ◌ wall gap
Your base· ✓ Closed at 21:32 · 51t walls · 1 gate(s)
flxpa21's base· Open — opponent sealed themselves in
Smoothed initial terrain · ◌ = detected wall gap · hover for details
Inputs per minute
— banditbird - - flxpa21
Build order — banditbird
First 150 of 336 actions detected
| 0:00 | Create | Villager (Male) |
| 0:01 | Create | Villager (Male) |
| 0:01 | Create | Villager (Male) |
| 0:02 | Build | House |
| 0:03 | Build | House |
| 0:24 | Create | Villager (Male) |
| 1:03 | Create | Villager (Male) |
| 1:28 | Create | Villager (Male) |
| 2:10 | Create | Villager (Male) |
| 2:22 | Build | Lumber Camp |
| 2:24 | Create | Villager (Male) |
| 3:10 | Create | Villager (Male) |
| 3:21 | Create | Villager (Male) |
| 3:51 | Create | Villager (Male) |
| 4:03 | Build | House |
| 4:04 | Create | Villager (Male) |
| 4:31 | Create | Villager (Male) |
| 4:51 | Build | Mill |
| 5:03 | Create | Villager (Male) |
| 5:46 | Create | Villager (Male) |
| 6:19 | Research | Feudal Age |
| 6:20 | Research | Loom |
| 7:36 | Build | Barracks |
| 7:42 | Build | Barracks |
| 8:01 | Build | House |
| 8:25 | Create | Villager (Male) |
| 8:29 | Age | Feudal Age |
| 8:41 | Build | Stable |
| 8:49 | Research | Double-Bit Axe |
| 9:01 | Create | Villager (Male) |
| 9:17 | Build | House |
| 9:23 | Create | Villager (Male) |
| 9:29 | Create | Scout Cavalry |
| 9:29 | Create | Scout Cavalry |
| 9:40 | Build | Archery Range |
| 9:42 | Create | Villager (Male) |
| 9:58 | Build | Palisade Wall |
| 10:04 | Build | Palisade Wall |
| 10:09 | Build | Mining Camp |
| 10:17 | Create | Scout Cavalry |
| 10:26 | Build | House |
| 10:28 | Create | Villager (Male) |
| 10:33 | Create | Archer |
| 10:43 | Build | Palisade Wall |
| 10:55 | Create | Villager (Male) |
| 11:03 | Create | Archer |
| 11:30 | Create | Villager (Male) |
| 11:31 | Create | Archer |
| 11:41 | Build | Palisade Wall |
| 11:43 | Build | Palisade Wall |
| 11:45 | Create | Villager (Male) |
| 11:50 | Build | Farm |
| 11:51 | Build | Farm |
| 11:57 | Create | Archer |
| 12:22 | Build | House |
| 12:26 | Create | Villager (Male) |
| 12:31 | Create | Archer |
| 12:42 | Build | Farm |
| 12:44 | Build | Farm |
| 12:49 | Create | Villager (Male) |
| 13:15 | Create | Villager (Male) |
| 13:20 | Build | Blacksmith |
| 13:24 | Build | Farm |
| 13:29 | Create | Archer |
| 13:38 | Create | Villager (Male) |
| 13:40 | Build | House |
| 13:50 | Create | Spearman |
| 13:58 | Build | Farm |
| 14:13 | Create | Villager (Male) |
| 14:17 | Build | Farm |
| 14:35 | Build | Farm |
| 14:36 | Research | Fletching |
| 14:45 | Create | Spearman |
| 14:46 | Create | Villager (Male) |
| 14:50 | Build | House |
| 15:00 | Build | Farm |
| 15:01 | Create | Villager (Male) |
| 15:11 | Create | Archer |
| 15:24 | Create | Villager (Male) |
| 15:31 | Create | Archer |
| 15:34 | Build | Farm |
| 15:36 | Build | House |
| 15:57 | Create | Villager (Male) |
| 15:58 | Create | Archer |
| 16:37 | Create | Villager (Male) |
| 16:37 | Create | Villager (Male) |
| 16:49 | Create | Archer |
| 16:51 | Create | Spearman |
| 16:55 | Build | Farm |
| 16:56 | Build | Farm |
| 16:59 | Build | Farm |
| 17:02 | Build | Farm |
| 17:09 | Build | Farm |
| 17:10 | Create | Villager (Male) |
| 17:25 | Build | Palisade Wall |
| 17:30 | Create | Villager (Male) |
| 17:43 | Build | Palisade Wall |
| 17:53 | Build | Lumber Camp |
| 17:56 | Build | Farm |
| 17:58 | Build | Farm |
| 18:19 | Create | Villager (Male) |
| 18:23 | Build | Farm |
| 18:52 | Research | Castle Age |
| 19:10 | Create | Villager (Male) |
| 19:25 | Build | House |
| 19:26 | Build | House |
| 19:28 | Research | Horse Collar |
| 19:49 | Build | Palisade Gate |
| 20:09 | Research | Bloodlines |
| 20:35 | Research | Scale Barding Armor |
| 20:39 | Create | Spearman |
| 21:18 | Build | Stable |
| 21:32 | Age | Castle Age |
| 21:37 | Create | Villager (Male) |
| 21:39 | Research | Bow Saw |
| 21:44 | Build | Siege Workshop |
| 21:45 | Create | Camel Scout |
| 21:45 | Create | Camel Scout |
| 21:50 | Build | Farm |
| 21:52 | Build | Farm |
| 21:54 | Build | Farm |
| 22:05 | Create | Villager (Male) |
| 22:06 | Create | Camel Scout |
| 22:06 | Create | Camel Scout |
| 22:36 | Build | Town Center |
| 22:47 | Create | Villager (Male) |
| 22:47 | Create | Villager (Male) |
| 22:50 | Build | House |
| 23:00 | Create | Armored Elephant |
| 23:04 | Create | Villager (Male) |
| 23:14 | Create | Mangonel |
| 23:17 | Build | House |
| 23:19 | Create | Villager (Male) |
| 23:53 | Create | Camel Scout |
| 23:53 | Create | Camel Scout |
| 23:59 | Create | Villager (Male) |
| 24:09 | Create | Villager (Male) |
| 24:10 | Build | House |
| 24:21 | Create | Scorpion |
| 24:22 | Create | Villager (Male) |
| 24:30 | Create | Scorpion |
| 24:44 | Create | Villager (Male) |
| 24:45 | Create | Camel Scout |
| 24:45 | Create | Camel Scout |
| 24:58 | Create | Villager (Male) |
| 25:02 | Build | Monastery |
| 25:11 | Create | Camel Scout |
| 25:12 | Create | Villager (Male) |
| 25:15 | Research | Gold Mining |
| 25:19 | Research | Husbandry |
Build order — flxpa21
First 150 of 211 actions detected
| 0:13 | Create | Villager (Male) ×4 |
| 0:14 | Build | House |
| 0:15 | Build | House |
| 0:58 | Build | House |
| 1:41 | Create | Villager (Male) |
| 2:09 | Build | Lumber Camp |
| 2:13 | Create | Villager (Male) |
| 2:13 | Create | Villager (Male) |
| 2:27 | Create | Villager (Male) |
| 3:05 | Create | Villager (Male) |
| 3:26 | Create | Villager (Male) |
| 3:42 | Build | House |
| 3:49 | Create | Villager (Male) |
| 3:49 | Create | Villager (Male) |
| 4:02 | Build | House |
| 4:25 | Create | Villager (Male) |
| 4:26 | Create | Villager (Male) |
| 5:06 | Create | Villager (Male) |
| 5:21 | Create | Villager (Male) |
| 5:21 | Create | Villager (Male) |
| 5:53 | Create | Villager (Male) |
| 6:09 | Build | Mill |
| 6:29 | Research | Loom |
| 6:36 | Build | Palisade Wall |
| 6:37 | Build | Palisade Wall |
| 6:40 | Build | Palisade Wall |
| 6:40 | Build | Palisade Wall |
| 7:16 | Research | Feudal Age |
| 7:34 | Build | Barracks |
| 7:56 | Build | Palisade Wall |
| 8:04 | Build | Palisade Wall |
| 8:06 | Build | Palisade Wall |
| 8:08 | Build | Palisade Wall |
| 8:56 | Create | Villager (Male) |
| 9:14 | Build | House |
| 9:15 | Build | House |
| 9:17 | Create | Villager (Male) |
| 9:30 | Age | Feudal Age |
| 9:33 | Build | Stable |
| 9:39 | Build | Palisade Wall |
| 9:47 | Research | Double-Bit Axe |
| 10:13 | Create | Villager (Male) |
| 10:20 | Build | Farm |
| 10:43 | Create | Scout Cavalry |
| 10:48 | Create | Villager (Male) |
| 11:08 | Research | Horse Collar |
| 11:10 | Build | Farm |
| 11:12 | Build | Farm |
| 11:15 | Build | Farm |
| 11:18 | Create | Villager (Male) |
| 11:34 | Create | Villager (Male) |
| 11:41 | Build | Farm |
| 11:47 | Build | Farm |
| 11:50 | Build | House |
| 11:52 | Build | Farm |
| 11:54 | Build | Farm |
| 11:59 | Create | Scout Cavalry |
| 12:00 | Create | Villager (Male) |
| 12:05 | Build | Farm |
| 12:10 | Create | Villager (Male) |
| 12:15 | Build | Farm |
| 12:27 | Create | Scout Cavalry |
| 12:38 | Build | Farm |
| 12:50 | Create | Villager (Male) |
| 12:58 | Create | Scout Cavalry |
| 13:04 | Build | Farm |
| 13:22 | Create | Villager (Male) |
| 13:24 | Create | Scout Cavalry |
| 13:49 | Build | House |
| 13:51 | Create | Scout Cavalry |
| 14:04 | Build | Blacksmith |
| 14:05 | Create | Villager (Male) |
| 14:09 | Create | Villager (Male) |
| 14:31 | Build | House |
| 14:41 | Create | Villager (Male) |
| 14:44 | Research | Scale Barding Armor |
| 14:47 | Build | Mining Camp |
| 14:51 | Build | Farm |
| 15:00 | Create | Villager (Male) |
| 15:10 | Build | Farm |
| 15:31 | Research | Forging |
| 15:40 | Build | House |
| 15:42 | Build | House |
| 15:43 | Build | Palisade Wall |
| 16:01 | Research | Bloodlines |
| 16:09 | Build | Watch Tower |
| 16:36 | Create | Villager (Male) |
| 16:36 | Create | Villager (Male) |
| 16:47 | Build | Palisade Wall |
| 16:56 | Create | Villager (Male) |
| 16:59 | Build | Farm |
| 17:03 | Build | Farm |
| 17:05 | Build | Farm |
| 17:09 | Create | Scout Cavalry |
| 17:35 | Build | Palisade Wall |
| 17:36 | Build | House |
| 17:47 | Create | Villager (Male) |
| 17:49 | Build | Farm |
| 18:02 | Research | Wheelbarrow |
| 18:06 | Build | Farm |
| 18:43 | Create | Villager (Male) |
| 19:17 | Build | Archery Range |
| 19:18 | Build | Palisade Wall |
| 19:26 | Create | Villager (Male) |
| 20:03 | Build | Archery Range |
| 20:15 | Build | Lumber Camp |
| 20:23 | Research | Castle Age |
| 20:31 | Build | Palisade Wall |
| 21:21 | Research | Fletching |
| 21:22 | Research | Gold Mining |
| 21:41 | Research | Town Watch |
| 22:45 | Create | Villager (Male) |
| 23:03 | Age | Castle Age |
| 23:08 | Create | Cavalry Archer ×5 |
| 23:09 | Create | Villager (Male) |
| 23:09 | Research | Bodkin Arrow |
| 23:12 | Research | Bow Saw |
| 23:13 | Research | Heavy Plow |
| 23:23 | Build | Town Center |
| 23:27 | Create | Villager (Male) |
| 23:37 | Create | Cavalry Archer |
| 23:37 | Create | Cavalry Archer |
| 23:42 | Build | House |
| 23:59 | Research | Light Cavalry (upgrade) |
| 24:23 | Create | Cavalry Archer |
| 24:23 | Create | Cavalry Archer |
| 24:44 | Create | Villager (Male) |
| 24:53 | Create | Villager (Male) |
| 24:53 | Create | Villager (Male) |
| 24:56 | Research | Husbandry |
| 25:02 | Create | Villager (Male) |
| 25:12 | Build | Siege Workshop |
| 25:26 | Create | Villager (Male) |
| 25:32 | Create | Mangonel |
| 25:36 | Build | Archery Range |
| 26:02 | Create | Villager (Male) |
| 26:07 | Build | Monastery |
| 26:08 | Create | Villager (Male) |
| 26:09 | Create | Villager (Male) |
| 26:09 | Create | Villager (Male) |
| 26:49 | Create | Villager (Male) |
| 26:51 | Create | Cavalry Archer |
| 26:51 | Create | Cavalry Archer |
| 26:53 | Create | Villager (Male) |
| 26:53 | Create | Villager (Male) |
| 26:58 | Build | Farm |
| 27:00 | Create | Mangonel |
| 27:04 | Build | House |
| 27:05 | Build | House |
| 27:11 | Create | Villager (Male) |
Match timeline
| 6:36 | flxpa21 · wall_segment Palisade Wall x5 |
| 6:37 | flxpa21 · wall_segment Palisade Wall x1 |
| 6:40 | flxpa21 · wall_segment Palisade Wall x1 |
| 6:40 | flxpa21 · wall_segment Palisade Wall x1 |
| 7:34 | flxpa21 · first_building Barracks |
| 7:36 | banditbird · first_building Barracks |
| 7:56 | flxpa21 · wall_segment Palisade Wall x11 |
| 8:04 | flxpa21 · wall_segment Palisade Wall x1 |
| 8:06 | flxpa21 · wall_segment Palisade Wall x5 |
| 8:08 | flxpa21 · wall_segment Palisade Wall x3 |
| 8:29 | banditbird · age_up feudal |
| 8:41 | banditbird · first_building Stable |
| 9:30 | flxpa21 · age_up feudal |
| 9:33 | flxpa21 · first_building Stable |
| 9:39 | flxpa21 · wall_segment Palisade Wall x3 |
| 9:40 | banditbird · first_building Archery Range |
| 9:58 | banditbird · wall_segment Palisade Wall x3 |
| 10:04 | banditbird · wall_segment Palisade Wall x6 |
| 10:43 | banditbird · wall_segment Palisade Wall x24 |
| 11:41 | banditbird · wall_segment Palisade Wall x11 |
| 11:43 | banditbird · wall_segment Palisade Wall x6 |
| 15:43 | flxpa21 · wall_segment Palisade Wall x1 |
| 16:47 | flxpa21 · wall_segment Palisade Wall x1 |
| 17:25 | banditbird · wall_segment Palisade Wall x1 |
| 17:35 | flxpa21 · wall_segment Palisade Wall x1 |
| 17:43 | banditbird · wall_segment Palisade Wall x1 |
| 19:17 | flxpa21 · first_building Archery Range |
| 19:18 | flxpa21 · wall_segment Palisade Wall x1 |
| 20:31 | flxpa21 · wall_segment Palisade Wall x3 |
| 21:32 | banditbird · age_up castle |
| 21:44 | banditbird · first_building Siege Workshop |
| 23:03 | flxpa21 · age_up castle |
| 25:02 | banditbird · first_building Monastery |
| 25:12 | flxpa21 · first_building Siege Workshop |
| 26:07 | flxpa21 · first_building Monastery |
| 32:37 | banditbird · first_building Castle |
| 34:59 | flxpa21 · first_market_buy 100 food |
| 38:43 | flxpa21 · first_building Castle |
| 38:48 | banditbird · age_up imperial |
| 39:03 | flxpa21 · resign |
[ AI ANALYSIS · 1 CREDIT ]
What really happened in this match?
Wolo.gg analyzes every decision: build order, eco, micro, common mistakes by bracket. Personalized analysis on WhatsApp or Discord in 30 seconds.
Civ guide
Hindustanis
Perfil
Jugador #3413471